 Dungeon Crawl Stone Soup version 0.31-a0-507-gbafd7f5274 (webtiles) character file.

Game seed: 9835310382770430054

4795 Anon1729 the Carver (level 10, 0/83 HPs)
             Began as a Minotaur Monk on Aug 9, 2023.
             Was an Elder of Ru.
             Shot with an arrow by a centaur (15 damage)
             ... on level 9 of the Dungeon.
             The game lasted 00:04:31 (8368 turns).

Anon1729 the Carver (Minotaur Monk)                 Turns: 8368, Time: 00:04:32

Health: 0/83       AC:  6    Str: 16    XL:     10   Next: 24%
Magic:  18/18      EV: 17    Int: 10    God:    Ru [****..]
Gold:   242        SH:  5    Dex: 17    Spells: 9/9 levels left

rFire   . . .        a - +0 falchion
rCold   + . .        d - orb {light}
rNeg    . . .        M - +2 robe "Taom" {Rampage *Corrode +Blink Int+3}
rPois   .            (helmet restricted)
rElec   .            (no cloak)
rCorr   .            (no gloves)
SInv    .            n - +0 pair of boots
Will    .....        l - amulet of reflection
Stlth   +            t - ring of protection from cold
HPRegen 0.33/turn    w - ring of magical power
MPRegen 0.16/turn

%: corrode self (3%), reflection, rampage
@: glowing
A: horns 2, frail 1, inability to use devices, retaliatory headbutt
a: Renounce Religion, Draw Out Power, Power Leap


You were on level 9 of the Dungeon.
You worshipped Ru.
Ru was greatly pleased with you.
You visited 2 branches of the dungeon, and saw 10 of its levels.

You collected 434 gold pieces.
You spent 192 gold pieces at shops.

Inventory:

Hand Weapons
 a - a +0 falchion (weapon)
 c - a +0 great sword
Missiles
 p - 2 atropa-tipped darts
Armour
 b - a +0 robe
 d - an orb of light (worn)
 n - a +0 pair of boots (worn)
 o - a +0 chain mail
 E - a +0 tower shield
 F - the +4 ring mail of Biysayki {Harm Str+3}
   (You found it on level 5 of the Dungeon)

   Str+3:     It affects your strength (+3).
   Harm:      It increases damage dealt and taken.
 M - the +2 robe "Taom" (worn) {Rampage *Corrode +Blink Int+3}
   (You found it on level 6 of the Dungeon)

   Int+3:     It affects your intelligence (+3).
   +Blink:    It lets you blink.
   *Corrode:  It may corrode you when you take damage.
   Rampage:   It bestows one free step when moving towards enemies.
Jewellery
 l - an amulet of reflection (around neck)
 t - a ring of protection from cold (left hand)
 w - a ring of magical power (right hand)
 I - a ring of ice
Wands
 q - a wand of mindburst (13)
 r - a wand of light (7)
 y - a wand of flame (11)
Scrolls
 f - a scroll of acquirement {unknown}
 g - 2 scrolls of immolation
 i - 4 scrolls of fear
 j - 4 scrolls of teleportation
 m - a scroll of vulnerability
 s - 3 scrolls of poison
 u - 2 scrolls of noise {unknown}
 x - 3 scrolls of enchant weapon {unknown}
 z - 3 scrolls of silence {unknown}
 A - a scroll of enchant armour {unknown}
 G - 2 scrolls of fog {unknown}
 H - 3 scrolls of revelation
 L - 2 scrolls of blinking
Potions
 e - a potion of magic
 h - a potion of heal wounds
 k - 2 potions of curing {unknown}
 v - 4 potions of haste
 B - a potion of brilliance {unknown}
 D - a potion of berserk rage
 J - a potion of attraction {unknown}
 K - a potion of enlightenment {unknown}


   Skills:
 + Level 9.8 Fighting
 + Level 9.8 Long Blades
 + Level 8.9 Armour
 + Level 8.9 Dodging


You had 9 spell levels left.
You didn't know any spells.
Your spell library contained the following spells:

 Spells                   Type           Power      Damage    Failure   Level
 Shock                    Conj/Air       0%         1d3       36%         1
 Sting                    Tmut/Pois      0%         1d3       36%         1
 Poisonous Vapours        Pois/Air       0%         N/A       50%         2
 Call Canine Familiar     Summ           0%         N/A       75%         3
 Gell's Gravitas          Tloc           0%         N/A       75%         3
 Portal Projectile        Hex/Tloc       0%         N/A       75%         3
 Swiftness                Air            0%         N/A       75%         3
 Teleport Other           Tloc           0%         N/A       75%         3
 Airstrike                Air            0%         2d(0-16)  98%         4
 Leda's Liquefaction      Hex/Erth       0%         N/A       98%         4
 Olgreb's Toxic Radiance  Pois           0%         N/A       98%         4
 Summon Forest            Summ/Tloc      0%         N/A       100%        5
 Summon Mana Viper        Hex/Summ       0%         N/A       100%        5
 Dispersal                Tloc           0%         N/A       100%        6
 Summon Cactus Giant      Summ           0%         N/A       100%        6


Dungeon Overview and Level Annotations

Branches:
Dungeon (9/15)             Temple (1/1) D:4
   Lair: D:8-11         Orc: D:9-12

Altars:
Ashenzari
Cheibriados
Dithmenos
Elyvilon
Fedhas
Gozag
Hepliaklqana
Kikubaaqudgha
Makhleb
Nemelex Xobeh
Okawaru
Qazlal
Ru
Sif Muna
Trog
Uskayaw
Vehumet
Wu Jian
Xom
Yredelemnul
Zin
The Shining One

Shops:
D:6 *

Annotations:
D:4 4 runed translucent doors, Crazy Yiuf; Swamplord's ghost, amateur DrSh
D:5 2 transporters


Innate Abilities, Weirdness & Mutations

You have a pair of horns on your head.
You are frail. (-10% HP)
You cannot study or use magical devices.
You reflexively headbutt those who attack you in melee.


Message History

The yak is almost dead.
The yak barely misses you. The yak gores you.
You slash the yak!
You kill the yak!
The yak gores you.
A centaur comes into view.
The centaur shouts!
The yak misses you.
You hit the yak but do no damage. You headbutt the yak.
The yak is lightly wounded.
The yak gores you!
* * * LOW HITPOINT WARNING * * *
You slash the yak!
The yak is moderately wounded.
You hit the yak but do no damage.
The yak is moderately wounded.
You redirect the yak's attack!
The yak gores itself!
The centaur wields a +0 orcbow.
The centaur shoots an arrow.
The arrow completely misses you.
You hit the yak but do no damage.
The yak is heavily wounded.
You redirect the yak's attack!
The yak gores itself!
The centaur shoots an arrow.
The arrow closely misses you.
You hit the yak but do no damage.
The yak is almost dead.
The centaur shoots an arrow.
You block the arrow with an invisible shield... and reflect it back!
The arrow closely misses the centaur.
The yak gores you but does no damage.
You barely miss the yak. You headbutt the yak.
The yak is almost dead.
The centaur shoots an arrow.
The arrow closely misses you. The yak gores you but does no damage.
You hit the yak.
The yak is almost dead.
You redirect the yak's attack!
The yak gores itself!
The yak dies!
The centaur shoots an arrow.
The arrow hits you!
You die...

......#..#..#...........#.....#
#######..########..####.#'#####
.............#..#..# #....#
.............#..#..# #....#
.............'..#..# #....#
.............#..#..# #[...#
#.##..#########.#### ####.#
#..#..# #...# #.. #..#..# #.@.#
#... ####### #...# ##+##
...c.... ............
.....##+##..## ..... .... .....
..... .... ..#.


You could see a centaur.

Vanquished Creatures
  2 hornets (D:8)
  2 wyverns
  2 yaks (D:9)
  A steam dragon (D:7)
  Duvessa (D:6)
  2 water moccasins
  3 sky beasts
  2 orc warriors (D:7)
  3 black bears
  An ice beast (D:8)
  A centaur (D:9)
  2 phantoms
  Blork the orc (D:4)
  A kobold brigand (D:8)
  A bullfrog (D:6)
  5 scorpions
  3 wights (D:7)
  Dowan (D:6)
  17 killer bees
  A howler monkey (D:7)
  2 hounds
  3 orc priests
  5 iguanas
  Ijyb (D:4)
  4 sleepcaps
  6 orc wizards
  2 gnolls (D:1)
  8 adders
  A shadow imp (D:5)
  4 white imps
  An ufetubus (D:7)
  4 dart slugs
  12 orcs
  13 bats
  4 endoplasms
  4 giant cockroaches
  4 goblins
  7 hobgoblins
  3 jackals (D:3)
  6 kobolds
  A quokka (D:2)
  8 ball pythons
  A frilled lizard (D:2)
  4 rats
160 creatures vanquished.

Vanquished Creatures (others)
  A yak (D:9)
  An ogre (D:5)
  2 killer bees
  An orc (D:8)
5 creatures vanquished.

Grand Total: 165 creatures vanquished

Notes
Turn   | Place    | Note
-------+----------+-------------------------------------------
     0 | D:1      | Anon1729 the Minotaur Monk began the quest for the Orb.
     0 | D:1      | Reached XP level 1. HP: 19/19 MP: 0/0
   161 | D:1      | Reached XP level 2. HP: 23/27 MP: 1/1
   333 | D:1      | Reached skill level 1 in Armour
   503 | D:1      | Reached XP level 3. HP: 33/33 MP: 2/2
  1350 | D:2      | Reached XP level 4. HP: 41/41 MP: 3/3
  2433 | D:3      | Found a faded altar of an unknown god.
  2507 | D:4      | Reached XP level 5. HP: 47/47 MP: 4/4
  2519 | D:4      | Found a staircase to the Ecumenical Temple.
  2519 | D:4      | Noticed Blork the orc
  2535 | D:4      | Killed Blork the orc
  2618 | D:4      | Found a runed translucent door.
  2619 | D:4      | Noticed Crazy Yiuf
  2729 | D:4      | Reached skill level 5 in Long Blades
  2801 | D:4      | Reached skill level 5 in Fighting
  2826 | D:4      | Noticed Swamplord's ghost (amateur DrSh)
  2833 | D:4      | Found a runed translucent gate.
  2833 | D:4      | Found a runed translucent gate.
  2833 | D:4      | Found a runed translucent gate.
  2903 | D:4      | Noticed Ijyb
  2917 | D:4      | Killed Ijyb
  3193 | Temple   | Entered the Ecumenical Temple
  3201 | Temple   | Became a worshipper of Ru the Awakened
  3225 | D:4      | Gained mutation: You are frail. (-10% HP) [Ru sacrifice]
  3225 | D:4      | Reached * piety under Ru
  3245 | D:5      | Entered Level 5 of the Dungeon
  3307 | D:5      | Identified the +4 ring mail of Biysayki {Harm Str+3}
  3375 | D:5      | Reached XP level 6. HP: 50/50 MP: 5/5
  3681 | D:5      | Reached skill level 5 in Dodging
  3866 | D:5      | Found a transporter.
  4079 | D:5      | Noticed a water moccasin
  4084 | D:5      | Reached XP level 7. HP: 37/55 MP: 6/6
  4359 | D:5      | Found a transporter.
  4631 | D:6      | Reached skill level 5 in Armour
  4711 | D:6      | Reached XP level 8. HP: 57/63 MP: 7/7
  4948 | D:6      | Identified the +2 robe "Taom" {Rampage *Corrode +Blink
                  | Int+3}
  5007 | D:6      | Noticed Dowan
  5008 | D:6      | Noticed Duvessa
  5021 | D:6      | Killed Duvessa
  5029 | D:6      | Killed Dowan
  5134 | D:6      | Found Naypnuut's General Store.
  5143 | D:6      | Bought a scroll of blinking for 82 gold pieces
  5143 | D:6      | Bought a potion of haste for 110 gold pieces
  5373 | D:7      | HP: 2/66 [howler monkey (5)]
  5389 | D:7      | Reached XP level 9. HP: 12/72 MP: 8/8
  5397 | D:7      | HP: 3/72 [poisoned by a scorpion]
  6527 | D:7      | Gained mutation: You cannot study or use magical devices.
                  | [Ru sacrifice]
  6527 | D:7      | Reached ** piety under Ru
  6527 | D:7      | Reached *** piety under Ru
  6527 | D:7      | Reached **** piety under Ru
  6657 | D:8      | Found an iron altar of Okawaru.
  7307 | D:8      | Reached XP level 10. HP: 74/81 MP: 9/9
  8368 | D:9      | Shot with an arrow by a centaur

Illustrated notes

Levels and vault maps discovered:
D:1:      lightli_arrival_lavapool, layout_loops_corners, nicolae_grassy_gnolls
D:2:      layout_basic
D:3:      wad_pebble_path, layout_rooms, shapermc_ecumenical_altar_hornbeckon,
          minmay_fractal_squares_gapless_5
D:4:      layout_cave_pools, minmay_temple_entry_stoned_glass,
          gammafunk_ghost_split, serial_column_ruins, column_ruins_hut,
          column_ruins_circle_large, column_ruins_columns_dead_end,
          column_ruins_grid_1, column_ruins_columns_corner,
          column_ruins_open_small, column_ruins_columns_water,
          uniq_blork_the_orc, uniq_ijyb, uniq_crazy_yiuf_cottage
D:5:      gammafunk_cloud_chamber, layout_loops_corners, minmay_crossroads
D:6:      layout_cave_pools, serial_shops, nicolae_shop_tiny_statue_garden,
          uniq_duvessa
D:7:      layout_loops_ring, minivault_23, roderic_batcave
D:8:      layout_loops_ring, okawaru_ov_weapons_minmay
D:9:      layout_grid_maze, onia_ninara_dug_in_and_dangerous
Temple:   grunt_wide_crystal_templ

Skill      XL: |  1  2  3  4  5  6  7  8  9 |
---------------+----------------------------+-----
Armour         | 1 2 3 4 5 6 8 |  8.9
Fighting       | 4 5 6 7 9 |  9.8
Long Blades    | 4 5 6 8 9 |  9.8
Dodging        | 4 5 6 7 8 |  8.9

Action                     |  1- 3 |  4- 6 |  7- 9 | 10-12 || total
---------------------------+-------+-------+-------+-------++-------
  Melee: Falchion          |    51 |   130 |   305 |    58 ||   544
         Headbutt          |    10 |    30 |    84 |    20 ||   144
 Invoke: Sacrifice Health  |       |     1 |       |       ||     1
         Draw Out Power    |       |       |     1 |       ||     1
         Sacrifice Artific |       |       |     1 |       ||     1
    Use: Scroll            |       |     4 |       |     2 ||     6
         Potion            |       |       |     6 |       ||     6
   Stab: Distracted        |       |     1 |       |       ||     1
         Invisible         |       |       |     1 |       ||     1
         Sleeping          |       |       |     1 |       ||     1
 Armour: Robe              |     6 |     4 |    31 |    12 ||    53
         Chain mail        |       |    42 |     6 |       ||    48
         Ring mail         |       |       |    17 |       ||    17
  Dodge: Dodged            |    29 |    59 |   176 |    59 ||   323
  Block: Orb               |       |    19 |    63 |    15 ||    97
         Reflection        |       |       |       |     2 ||     2

Table legend: (Time is in decaauts)
 A = Elapsed time spent in this place.
 B = Non-inter-level travel time spent in this place.
 C = Inter-level travel time spent in this place.
 D = Time resting spent in this place.
 E = Time spent auto-exploring this place.
 F = Levels seen in this place.
 G = Mean time per level.
                   A        B        C        D        E       F      G
               +--------+--------+--------+--------+--------+-----+--------+
         Total |   8351 |   7961 |    390 |    480 |   6389 |  10 |  835.1 |
       Dungeon |   8334 |   7959 |    375 |    480 |   6389 |   9 |  926.0 |
        Temple |     16 |      1 |     15 |      0 |      0 |   1 |   16.0 |
               +--------+--------+--------+--------+--------+-----+--------+

Top non-repeatable levels by time:
     D:7: 1622 daAuts
     D:5: 1375 daAuts
     D:2: 953 daAuts
     D:1: 952 daAuts
     D:8: 880 daAuts
     D:4: 773 daAuts
     D:6: 691 daAuts
     D:3: 565 daAuts
     D:9: 518 daAuts
  Temple: 16 daAuts
